 Dungeon Crawl Stone Soup version 0.32-a0-86-g8db1b9f803 (webtiles) character file.

Game seed: 7290786487095532427

4759 Esekla the Covert (level 10, -4/69 HPs)
             Began as an Octopode Delver on Feb 5, 2024.
             Was an Initiate of Gozag.
             Slain by a yak (12 damage)
             ... on level 1 of the Lair of Beasts.
             The game lasted 00:56:27 (9288 turns).

Esekla the Covert (Octopode Delver)                 Turns: 9288, Time: 00:56:28

Health: -4/69      AC:  5    Str: 11    XL:     10   Next: 46%
Magic:  16/16      EV: 19    Int: 16    God:    Gozag
Gold:   723        SH:  0    Dex: 15    Spells: 10/18 levels left

rFire   . . .        v - +1 short sword (venom)
rCold   . . .        (no shield)
rNeg    . . .        (helmet restricted)
rPois   .            (no amulet)
rElec   .            C - +5 ring of evasion
rCorr   .            c - +4 ring of protection
SInv    .            (no ring)
Will    .....        (no ring)
Stlth   ++++++       (no ring)
HPRegen 0.31/turn    (no ring)
MPRegen 0.15/turn    (no ring)
                     (no ring)

%: no passive effects
@: silenced, gold aura, on berserk cooldown, slowed, very slow
A: almost no armour, amphibious, 8 rings, camouflage 1, gelatinous body 1,
nimble swimmer 1, tentacles
a: Renounce Religion


You were on level 1 of the Lair of Beasts.
You worshipped Gozag.
Gozag was pleased with you.
You visited 3 branches of the dungeon, and saw 10 of its levels.
You also visited: Ossuary.

You collected 1728 gold pieces.
You spent 436 gold pieces at shops.
You paid 569 gold pieces to Gozag.

Inventory:

Hand Weapons
 a - a +1 falchion of freezing
 r - the +10 trident of Uceuxkydao {heavy, Fly rF+++ rC-}
   (You found it on level 4 of the Dungeon)

   rF+++:     It renders you almost immune to fire.
   rC-:       It makes you vulnerable to cold.
   Fly:       It grants you flight.
 s - a +3 dagger
 v - a +1 short sword of venom (weapon)
 w - a +1 scimitar of holy wrath
 L - a +3 long sword
Missiles
 m - 4 javelins
 o - 12 boomerangs
 q - 9 poisoned darts (quivered)
Magical Staves
 d - a staff of death
Jewellery
 c - a +4 ring of protection (right tentacle)
 l - a ring of ice
 A - a ring of fire
 C - a +5 ring of evasion (left tentacle)
 O - a +6 ring of strength
Wands
 f - a wand of digging (2)
 n - a wand of quicksilver (2)
 B - a wand of flame (47)
 E - a wand of iceblast (16)
 I - a wand of paralysis (4)
Scrolls
 b - 2 scrolls of fog
 j - 2 scrolls of enchant armour
 k - 2 scrolls of amnesia
 p - 2 scrolls of teleportation
 t - 4 scrolls of poison
 u - a scroll of torment {unknown}
 D - a scroll of acquirement
 G - 2 scrolls of brand weapon
 H - a scroll of enchant weapon
 J - a scroll of blinking
 M - a scroll of revelation
Potions
 e - a potion of haste
 g - 2 potions of attraction
 h - a potion of invisibility
 i - 4 potions of curing
 y - 4 potions of brilliance
 z - 2 potions of might
 F - 2 potions of mutation
 K - 2 potions of magic {unknown}


   Skills:
 * Level 6.4 Fighting
 + Level 3.6(4.6) Short Blades
 + Level 4.2(4.9) Long Blades
 + Level 2.3 Polearms
 + Level 1.4 Throwing
 + Level 3.5 Dodging
 + Level 11.4 Stealth
 * Level 4.5 Spellcasting
 * Level 4.6 Necromancy
 * Level 5.0 Fire Magic
 * Level 5.1 Alchemy


You had 10 spell levels left.
You knew the following spells:

 Your Spells              Type           Power      Damage    Failure   Level
n - Ignite Poison         Fire/Alch      19%        N/A       21%         4
u - Dispel Undead         Necr           18%        3d11      24%         4

Your spell library contained the following spells:

 Spells                   Type           Power      Damage    Failure   Level
 Kiss of Death            Conj/Necr      44%        2d8       6%          1
 Confusing Touch          Hex            3%         N/A       43%         3
 Manifold Assault         Tloc           3%         N/A       85%         4
 Dispersal                Tloc           1%         N/A       100%        6
 Enfeeble                 Hex            1%         N/A       100%        7
 Disjunction              Tloc           1%         N/A       100%        8
 Fire Storm               Conj/Fire      5%         8d2       100%        9


Dungeon Overview and Level Annotations

Branches:
Dungeon (8/15)             Temple (1/1) D:5            Lair (1/5) D:8
Ossuary (visited)

Altars:
Ashenzari
Cheibriados
Dithmenos
Elyvilon
Fedhas
Gozag
Hepliaklqana
Kikubaaqudgha
Makhleb
Nemelex Xobeh
Qazlal
Ru
Sif Muna
Trog
Uskayaw
Vehumet
Wu Jian
Xom
Yredelemnul
Zin
The Shining One

Shops:
D:4 !   D:7 (

Annotations:
D:4 1 runed translucent door, Ceno's ghost, amateur AtWr


Innate Abilities, Weirdness & Mutations

You cannot wear most types of armour.
You are amphibious.
You can wear up to eight rings at the same time.
Your skin changes colour to match your surroundings (Stealth+).
Your rubbery body absorbs attacks. (AC +1, EV +1)
You are camouflaged when in or above water. (Stealth+)
You have tentacles for arms and can constrict up to eight enemies at once.


Message History

You feel yourself moving faster!
You feel mighty! The yak gores you!
* * * LOW HITPOINT WARNING * * *
The yak gores you but does no damage.
You barely miss the yak.
The yak is severely wounded.
The yak completely misses you.
You puncture the yak!
The yak is poisoned.
The yak is almost dead.
The yak completely misses you.
You barely miss the yak.
The yak is almost dead.
The yak barely misses you.
You hit the yak.
You kill the yak!
The yak closely misses you.
Your Fire Magic skill increases to level 5!
You hit the yak.
Your tentacle-slap misses the yak.
You squeeze the yak.
You kill the yak!
The yak is distracted by your dazzling golden aura.
You feel a strong urge to attack something.
You are no longer berserk.
You are exhausted.
You feel yourself slow down.
The yak is distracted by your dazzling golden aura.
The yak is no longer distracted by gold.
Magic scrolls do not work when you're silenced!
You hit the yak.
The yak is lightly wounded.
The yak misses you.
The yak is distracted by your dazzling golden aura.
You hit the yak.
The yak is poisoned.
Your tentacle-slap misses the yak.
The yak is lightly wounded.
The yak is no longer distracted by gold.
The yak barely misses you.
The yak is distracted by your dazzling golden aura.
You hit the yak. You tentacle-slap the yak.
The yak is lightly wounded.
The yak gores you!
You die...
Your body crumbles into a pile of gold.

#.$.###...............##
...###....##.....#.......#..#
.........###.....#.......#.##
...##.#.## #.....'.......#.#
###(####>....#.........#
.###(...~.....###...P##.#
......~~~YYY~~~...........##
.......~~~≈≈≈Y~............#
......~~~~≈@≈≈~~..........##
......~~≈~.$Y≈≈...........#
.....~~~~.>.≈~≈...........#
..#...~~~..~~~~.##.#.####..#
.....~~≈≈~~~≈≈~.........#.##
#...~~≈≈≈≈≈≈~.........#.#
....~~≈~~~~.#........#.#
.......~....#........#.#
.....+..P.>........#


You could see 5 yaks.

Vanquished Creatures
  A cane toad (Lair:1)
  A komodo dragon (Lair:1)
  Sigmund (D:5)
  3 yaks (Lair:1)
  A basilisk (Lair:1)
  An acid dragon (D:8)
  3 water moccasins (Lair:1)
  A black bear (D:6)
  3 sky beasts
  An ice beast (D:6)
  3 centaurs (D:7)
  A phantom (D:5)
  A kobold brigand (D:8)
  An elf zombie (Ossuary)
  2 bullfrogs
  A scorpion (D:5)
  13 wights
  3 killer bees (D:8)
  2 howler monkeys (D:8)
  An electric eel (D:7)
  2 human zombies (Ossuary)
  4 centaur zombies (Ossuary)
  2 hounds
  4 jellies
  3 orc priests (D:6)
  A gnoll bouda (D:7)
  2 sleepcaps
  Ijyb (D:4)
  Terence (D:3)
  3 iguanas
  An orc wizard (D:6)
  5 hound zombies (Ossuary)
  2 mummies (Ossuary)
  Robin (D:3)
  4 adders
  7 gnolls
  2 white imps
  8 adder zombies (Ossuary)
  A ribbon worm (D:3)
  4 dart slugs
  15 orcs
  5 endoplasms
  A giant cockroach (D:4)
  20 goblins
  4 hobgoblins
  3 jackals (D:2)
  4 quokkas
  3 ball pythons
  4 bats
  A frilled lizard (D:2)
  5 gnoll zombies (Ossuary)
  3 jackal zombies (Ossuary)
  13 kobolds
  4 kobold zombies (Ossuary)
  4 orc zombies (Ossuary)
  4 rats
195 creatures vanquished.

Notes
Turn   | Place    | Note
-------+----------+-------------------------------------------
     0 | D:5      | Esekla the Octopode Delver began the quest for the Orb.
     0 | D:5      | Reached XP level 1. HP: 16/16 MP: 1/1
    26 | D:5      | Noticed a scorpion
   138 | D:5      | Found a staircase to the Ecumenical Temple.
   148 | Temple   | Entered the Ecumenical Temple
   178 | Temple   | Became a worshipper of Gozag Ym Sagoz the Greedy
   238 | D:4      | Got the Parchment of Hexing Cinders
   263 | D:4      | Found a sacrificial altar of Ru.
   280 | D:4      | Noticed a jelly
   334 | D:3      | Noticed Terence
   391 | D:3      | Noticed Ijyb
   411 | D:3      | Noticed Robin
   453 | D:4      | Found Xickeurch's Distillery.
   459 | D:4      | Bought a potion of degeneration for 11 gold pieces
   462 | D:4      | Bought a potion of curing for 33 gold pieces
   491 | D:4      | Noticed an iguana
   564 | D:4      | Reached XP level 2. HP: 7/21 MP: 2/2
   794 | D:3      | Reached skill level 7 in Stealth
   846 | D:3      | Found a faded altar of an unknown god.
   989 | D:1      | Reached XP level 3. HP: 22/26 MP: 3/3
  1804 | D:2      | Found a shimmering altar of Xom.
  2478 | D:3      | Reached XP level 4. HP: 31/31 MP: 4/4
  2775 | D:3      | Killed Terence
  2776 | D:3      | Reached skill level 1 in Fire Magic
  2867 | D:3      | Learned a level 4 spell: Ignite Poison
  2969 | D:3      | Reached skill level 1 in Alchemy
  2972 | D:3      | Reached skill level 1 in Spellcasting
  2972 | D:3      | Reached XP level 5. HP: 33/36 MP: 6/6
  3277 | D:4      | Bought a potion of berserk rage for 55 gold pieces
  3277 | D:4      | Bought a potion of heal wounds for 55 gold pieces
  3277 | D:4      | Bought a potion of might for 44 gold pieces
  3293 | D:4      | Reached skill level 1 in Short Blades
  3309 | D:4      | Identified the +10 trident of Uceuxkydao {heavy, Fly rF+++
                  | rC-}
  3382 | D:4      | Found a runed translucent door.
  3387 | D:4      | Noticed Ceno's ghost (amateur AtWr)
  3429 | D:4      | Killed Ijyb
  3454 | D:4      | Reached skill level 1 in Necromancy
  3599 | D:4      | Reached skill level 8 in Stealth
  3599 | D:4      | Reached XP level 6. HP: 34/43 MP: 7/7
  4029 | D:3      | Killed Robin
  4060 | D:5      | Found a glowing silver altar of Zin.
  4063 | D:5      | Found a burning altar of Makhleb.
  4071 | D:5      | Found a shadowy altar of Dithmenos.
  4168 | D:5      | Found a broken altar of Ashenzari.
  4170 | D:5      | Found a sparkling altar of Nemelex Xobeh.
  4172 | D:5      | Found a hide-covered altar of Uskayaw.
  4173 | D:5      | Found a stormy altar of Qazlal.
  4258 | D:5      | Noticed Sigmund
  4285 | D:5      | Killed Sigmund
  4286 | D:5      | Reached XP level 7. HP: 39/48 MP: 9/9
  5260 | D:5      | Reached XP level 8. HP: 47/54 MP: 11/11
  5622 | D:6      | Reached skill level 1 in Throwing
  5622 | D:6      | Reached skill level 9 in Stealth
  5906 | D:6      | Reached skill level 1 in Polearms
  6423 | D:6      | Reached skill level 5 in Fighting
  6667 | D:7      | Reached XP level 9. HP: 26/61 MP: 13/13
  6672 | D:7      | Learned a level 4 spell: Dispel Undead
  6732 | D:7      | Identified a scroll of acquirement
  6926 | D:7      | Reached skill level 10 in Stealth
  7042 | D:7      | Found a sand-covered staircase.
  7079 | D:7      | Bought a runed scimitar for 238 gold pieces
  7083 | Ossuary  | Entered an ossuary
  7789 | D:8      | Found a staircase to the Lair.
  7790 | D:8      | Noticed a death yak
  8715 | D:8      | Reached XP level 10. HP: 68/68 MP: 16/16
  9005 | Lair:1   | Entered Level 1 of the Lair of Beasts
  9037 | Lair:1   | Noticed an elephant
  9038 | Lair:1   | Noticed an elephant
  9040 | Lair:1   | Noticed an elephant
  9074 | Lair:1   | Reached skill level 11 in Stealth
  9124 | Lair:1   | Noticed a cane toad
  9141 | Lair:1   | Killed a cane toad
  9236 | Lair:1   | Reached skill level 5 in Alchemy
  9279 | Lair:1   | Reached skill level 5 in Fire Magic
  9288 | Lair:1   | Slain by a yak

Illustrated notes

Levels and vault maps discovered:
D:1:      zelgadis_glass_arrival_small, layout_basic
D:2:      layout_loops_ring, basic_altar, minmay_box_of_dots
D:3:      layout_basic, ebering_ecumenical_altar_hall,
          kennysheep_decorative_pillar, uniq_ijyb, uniq_terence, uniq_robin
D:4:      layout_loops_ring, nicolae_ru_awakened_eye, serial_shops, shop,
          ebering_ghost_sewer_d, kennysheep_small_square
D:5:      layout_gridville, grunt_temple_overflow_open,
          minmay_temple_entry_overgrown, bh_walls_and_bars, uniq_sigmund
D:6:      layout_layer_cave
D:7:      hellmonk_crumbling_castle, layout_loops_ring,
          nicolae_ossuary_entry_monument, kennysheep_cross_bottleneck
D:8:      layout_loops_corners, david_lair_generic
Temple:   oiseaux_autumnal_temple
Lair:1:   layout_regular_city, infiniplex_staircase_pool_2

Skill      XL: |  1  2  3  4  5  6  7  8  9 10 |
---------------+-------------------------------+-----
Stealth        | 7 8 9 10 11 | 11.4
Fire Magic     | 1 2 3 4 5 |  5.0
Alchemy        | 1 2 3 4 5 |  5.1
Spellcasting   | 1 2 3 4 |  4.5
Short Blades   | 1 2 3 |  3.6
Necromancy     | 1 2 3 4 |  4.6
Fighting       | 4 5 6 |  6.4
Throwing       | 1 |  1.4
Polearms       | 1 2 |  2.3
Long Blades    | 3 4 |  4.2
Dodging        | 3 |  3.5

Action                     |  1- 3 |  4- 6 |  7- 9 | 10-12 || total
---------------------------+-------+-------+-------+-------++-------
  Melee: Falchion          |    18 |       |     6 |    10 ||    34
         Constrict         |    15 |    16 |    50 |     4 ||    85
         Tentacles         |     9 |    15 |    54 |    18 ||    96
         Short sword       |    46 |    65 |   118 |    41 ||   270
         Punch             |     3 |     7 |    18 |     9 ||    37
         Trident           |       |     2 |    39 |       ||    41
         Scimitar          |       |       |    84 |       ||    84
         Dagger            |       |       |       |     1 ||     1
  Throw: Dart              |       |     6 |     3 |     3 ||    12
         Boomerang         |       |     2 |     2 |       ||     4
 Invoke: Call Merchant     |       |       |     1 |       ||     1
  Evoke: Wand              |     1 |       |       |       ||     1
    Use: Scroll            |     2 |       |    13 |     2 ||    17
         Potion            |       |     2 |     4 |     1 ||     7
   Stab: Sleeping          |    14 |    10 |    33 |     3 ||    60
         Distracted        |       |     2 |     1 |       ||     3
 Armour: Skin              |    25 |    25 |    95 |    27 ||   172
  Dodge: Dodged            |    24 |    19 |   183 |    55 ||   281

Table legend: (Time is in decaauts)
 A = Elapsed time spent in this place.
 B = Non-inter-level travel time spent in this place.
 C = Inter-level travel time spent in this place.
 D = Time resting spent in this place.
 E = Time spent auto-exploring this place.
 F = Levels seen in this place.
 G = Mean time per level.
                   A        B        C        D        E       F      G
               +--------+--------+--------+--------+--------+-----+--------+
         Total |   9296 |   9023 |    273 |    874 |   2774 |  11 |  845.1 |
       Dungeon |   8649 |   8435 |    214 |    868 |   2758 |   8 | 1081.1 |
        Temple |     60 |      1 |     59 |      0 |      0 |   1 |   60.0 |
          Lair |    271 |    271 |      0 |      0 |      0 |   1 |  271.0 |
       Ossuary |    314 |    314 |      0 |      6 |     16 |   1 |  314.0 |
               +--------+--------+--------+--------+--------+-----+--------+

Top non-repeatable levels by time:
     D:6: 1673 daAuts
     D:8: 1282 daAuts
     D:3: 1280 daAuts
     D:4: 999 daAuts
     D:5: 967 daAuts
     D:2: 845 daAuts
     D:7: 841 daAuts
     D:1: 758 daAuts
 Ossuary: 314 daAuts
  Lair:1: 271 daAuts
  Temple: 60 daAuts
